 Dungeon Crawl Stone Soup version 0.31.0 (webtiles) character file.

Game seed: 7622894562883545895

259 qw the Shooter (level 6, -2/37 HPs)
             Began as a Gargoyle Hunter on Jan 19, 2024.
             Slain by Edmund
             ... wielding a +3 heavy flail
              (7 damage)
             ... on level 4 of the Dungeon.
             The game lasted 00:00:12 (3084 turns).

qw the Shooter (Gargoyle Hunter)                    Turns: 3084, Time: 00:00:12

Health: -2/37      AC: 13    Str: 14    XL:     6   Next: 17%
Magic:  6/6        EV: 10    Int: 10    God:
Gold:   173        SH:  0    Dex: 15    Spells: 5/5 levels left

rFire   . . .        a - +0 shortbow
rCold   . . .        (shield currently unavailable)
rNeg    + . .        d - +0 ring mail
rPois   inf          (no helmet)
rElec   +            (no cloak)
rCorr   .            (no gloves)
SInv    .            (no boots)
Will    .....        i - amulet of the acrobat
Stlth   +            f - +4 ring of protection
HPRegen 0.26/turn    (no ring)
MPRegen 0.10/turn

%: acrobat
@: no status effects
A: sickness immunity, AC +4, negative energy resistance 1, electricity
resistance, torment resistance 1, petrification resistance
a: no special abilities


You were on level 4 of the Dungeon.
You visited 1 branch of the dungeon, and saw 4 of its levels.

You collected 173 gold pieces.


Innate Abilities, Weirdness & Mutations

You are immune to sickness and miasma.
Your stone body is resilient. (AC +4)
You are immune to poison.
You resist negative energy. (rN+)
You are resistant to electric shocks. (rElec)
You are resistant to unholy torment.
You are immune to petrification.


   Skills:
 + Level 3.0 Fighting
 - Level 6.9 Ranged Weapons
 - Level 1.0 Armour
 - Level 1.5 Dodging
 - Level 1.1 Stealth


You had 5 spell levels left.
You didn't know any spells.
Your spell library was empty.

Inventory:

Hand Weapons
 a - a +0 shortbow (weapon)
Armour
 d - a +0 ring mail (worn)
Jewellery
 f - a +4 ring of protection (left hand)
 i - an amulet of the acrobat (around neck)
Scrolls
 k - a scroll of fog {unknown}
Potions
 b - a potion of ambrosia {unknown}
 c - a potion of magic {unknown}
 e - a potion of mutation
 g - a potion of curing
 h - a potion of might
 j - a potion of cancellation
 l - a potion of enlightenment

Dungeon Overview and Level Annotations

Branches:
Dungeon (4/15)
 Temple: D:4-7

Altars:
Gozag

Shops:
D:2 :

Annotations:
D:4 Edmund


Message History

Edmund hits you with a +3 heavy flail.
You shoot an arrow.
The arrow hits Edmund but does no damage.
Edmund is lightly wounded.
You shoot an arrow. The arrow hits Edmund!
Edmund is moderately wounded.
Edmund hits you with a +3 heavy flail!
You shoot an arrow. The arrow hits Edmund.
Edmund is moderately wounded.
Edmund hits you with a +3 heavy flail!
You shoot an arrow. The arrow hits Edmund.
Edmund is moderately wounded.
Edmund barely misses you.
You shoot an arrow.
The arrow hits Edmund but does no damage.
Edmund is moderately wounded.
Edmund gestures with his flail.
Edmund misses you.
You shoot an arrow. The arrow hits Edmund.
Edmund is moderately wounded.
You shoot an arrow.
The arrow hits Edmund but does no damage.
Edmund is moderately wounded.
Edmund hits you with a +3 heavy flail!
You shoot an arrow.
The arrow hits Edmund but does no damage.
Edmund is moderately wounded.
Edmund hits you but does no damage.
You shoot an arrow. The arrow hits Edmund.
Edmund is moderately wounded.
Edmund gestures with his flail.
Edmund closely misses you.
You shoot an arrow. The arrow closely misses Edmund.
You shoot an arrow. The arrow hits Edmund.
Edmund is heavily wounded.
Edmund hits you with a +3 heavy flail.
You shoot an arrow. The arrow barely misses Edmund.
Edmund hits you with a +3 heavy flail!
You die...
Edmund says, "I'd like to see a scythe do that!"

#.##.......###
#.##.####.....
######.##.#####.###
##...........##...##
........##.#.##)....
########.##.#.##%..##
#....#[#.##..(..#####
#..@...#.####.#.# #
#@..#.# #.#.# #
#...#.## #.#.# #
####...#..###.#.# #
#~~#...#......#.# #
#..#..#.....######.#
# #..#..#.....# #.# #
#..#......#.# #.# #
#..#..##..#.##
#.#####
##..#..#)..#..##
#.#....


You could see Edmund.

Vanquished Creatures
  Sigmund (D:4)
  An adder (D:3)
  2 dart slugs
  A ribbon worm (D:2)
  An orc (D:3)
  7 ball pythons
  5 bats
  6 endoplasms
  6 giant cockroaches
  7 goblins
  10 hobgoblins
  7 jackals
  6 kobolds
  6 quokkas
  5 frilled lizards
  3 rats
74 creatures vanquished.

Notes
Turn   | Place    | Note
-------+----------+-------------------------------------------
     0 | D:1      | qw the Gargoyle Hunter began the quest for the Orb.
     0 | D:1      | Reached XP level 1. HP: 12/12 MP: 1/1
     0 | D:1      | 0 ||| qw: Version: 0.3-a-132-g3d54051
     0 | D:1      | 0 ||| qw: Game counter: 278
     0 | D:1      | 0 ||| qw: Melee chars always use a shield: true
     0 | D:1      | 0 ||| qw: God list: Okawaru
     0 | D:1      | 0 ||| qw: Allow faded altars: false
     0 | D:1      | 0 ||| qw: Do Orc after clearing Dungeon:15 true
     0 | D:1      | 0 ||| qw: Do second Lair branch before Depths: true
     0 | D:1      | 0 ||| qw: Lair rune preference: random
     0 | D:1      | 0 ||| qw: Goals: Normal
     0 | D:1      | 0 ||| PLANNING D:1-11
     6 | D:1      | Noticed a hog
     6 | D:1      | Noticed a polar bear
     6 | D:1      | Noticed a lindwurm
     7 | D:1      | Noticed a snapping turtle
     7 | D:1      | Noticed a boulder beetle
    78 | D:1      | 78 ||| RETREEEEATING.
    80 | D:1      | 80 ||| RETREEEEATING.
    97 | D:1      | Reached XP level 2. HP: 9/17 MP: 2/2
   699 | D:1      | Reached XP level 3. HP: 21/21 MP: 3/3
   751 | D:1      | Reached skill level 5 in Ranged Weapons
   878 | D:1      | 878 ||| UPGRADING to +0 ring mail.
   888 | D:1      | 888 ||| DROPPING +0 leather armour.
   889 | D:1      | 889 ||| UPGRADING to +4 ring of protection.
   890 | D:1      | 890 ||| READING scroll labelled BETIUF BEMY.
   891 | D:1      | 891 ||| DRINKING 2 fuming inky potions.
   892 | D:1      | 892 ||| DROPPING scroll of butterflies.
  1036 | D:2      | Reached skill level 1 in Armour
  1092 | D:2      | Found Zusil's Book Boutique.
  1207 | D:2      | 1207 ||| FLEEEEING.
  1358 | D:2      | 1358 ||| UPGRADING to amulet of the acrobat.
  1363 | D:2      | 1363 ||| READING 2 scrolls labelled XITZAM DEMEO.
  1363 | D:2      | 1363 ||| IDENTIFYING viscous cyan potion
  1364 | D:2      | 1364 ||| READING scroll of identify.
  1364 | D:2      | 1364 ||| IDENTIFYING white potion
  1365 | D:2      | 1365 ||| READING scroll labelled USEUNN JAUL.
  1382 | D:2      | 1382 ||| READING scroll labelled LUWUMOARCHULL.
  1411 | D:3      | 1411 ||| PLANNING SEWER
  1412 | D:3      | Reached XP level 4. HP: 27/27 MP: 4/4
  1413 | D:3      | Reached skill level 3 in Fighting
  1747 | D:3      | Found an opulent altar of Gozag.
  2157 | D:3      | 2157 ||| FLEEEEING.
  2165 | D:3      | 2165 ||| RIP SEWER
  2166 | D:3      | 2166 ||| PLANNING D:1-11
  2378 | D:3      | 2378 ||| READING 3 scrolls of identify.
  2378 | D:3      | 2378 ||| IDENTIFYING viscous purple potion
  2379 | D:3      | 2379 ||| READING 2 scrolls of identify.
  2379 | D:3      | 2379 ||| IDENTIFYING inky potion
  2380 | D:3      | 2380 ||| READING scroll of identify.
  2380 | D:3      | 2380 ||| IDENTIFYING scroll labelled QAOROCK ATEFU
  2381 | D:3      | 2381 ||| READING scroll labelled HIWAOK QIERPH.
  2382 | D:3      | 2382 ||| DROPPING scroll of vulnerability.
  2966 | D:4      | Noticed Sigmund
  2967 | D:4      | 2967 ||| FLEEEEING.
  2968 | D:4      | 2968 ||| FLEEEEING.
  2969 | D:4      | 2969 ||| FLEEEEING.
  2970 | D:4      | 2970 ||| FLEEEEING.
  2971 | D:4      | 2971 ||| FLEEEEING.
  2974 | D:4      | 2974 ||| FLEEEEING.
  2975 | D:4      | 2975 ||| FLEEEEING.
  2976 | D:4      | 2976 ||| FLEEEEING.
  2977 | D:4      | 2977 ||| FLEEEEING.
  2984 | D:4      | 2984 ||| FLEEEEING.
  2986 | D:4      | 2986 ||| FLEEEEING.
  2987 | D:4      | 2987 ||| FLEEEEING.
  2988 | D:4      | 2988 ||| FLEEEEING.
  2989 | D:4      | 2989 ||| FLEEEEING.
  2990 | D:4      | 2990 ||| FLEEEEING.
  2991 | D:4      | 2991 ||| FLEEEEING.
  3008 | D:4      | Killed Sigmund
  3009 | D:4      | Reached skill level 6 in Ranged Weapons
  3009 | D:4      | Reached XP level 5. HP: 25/32 MP: 5/5
  3009 | D:4      | Reached XP level 6. HP: 29/37 MP: 6/6
  3068 | D:4      | Noticed Edmund
  3079 | D:4      | HP: 5/37 [Edmund/+3 heavy flail (7)]
  3084 | D:4      | Slain by Edmund

Levels and vault maps discovered:
D:1:      onia_arrival_zoo_common, layout_basic,
          nicolae_concentric_dashed_squares_mild, minmay_vboxes
D:2:      layout_rooms, serial_shops, nicolae_shop_back_alley_shop,
          minmay_close_crescents
D:3:      layout_loops_corners, lemuel_doored_altar, gup_sewer_entry_pipe,
          chequers_serial_rivers_micro_b, minmay_misc_feat_x
D:4:      layout_loops_ring, nrook_mini_backslash, sigmund_edmund_badplayer

Skill      XL: |  1  2  3  4 |
---------------+-------------+-----
Ranged Weapons | 5 6 |  6.9
Armour         | 1 |  1.0
Fighting       | 3 |  3.0
Dodging        | |  1.5
Stealth        | |  1.1

Action                     |  1- 3 |  4- 6 || total
---------------------------+-------+-------++-------
   Fire: Shortbow          |   142 |   139 ||   281
    Use: Scroll            |     5 |     4 ||     9
         Potion            |     1 |       ||     1
 Armour: Leather armour    |    18 |       ||    18
         Ring mail         |    26 |    60 ||    86
  Dodge: Dodged            |    34 |    44 ||    78

Table legend:
 A = Non-vault XP
 B = Vault XP
 C = Vault XP percentage of total XP
 D = Non-vault monster count
 E = Vault monster count
 F = Vault count percentage of total count
                 A         B        C        D         E       F
            +---------+---------+-------+---------+---------+-------
      Total |     122 |     249 |  67.1 |      58 |      16 |  21.6
            +---------+---------+-------+---------+---------+-------
        D:1 |      32 |      10 |  23.8 |      16 |       6 |  27.3
        D:2 |      34 |       4 |  10.5 |      20 |       3 |  13.0
        D:3 |      47 |      12 |  20.3 |      17 |       6 |  26.1
        D:4 |       9 |     223 |  96.1 |       5 |       1 |  16.7
            +---------+---------+-------+---------+---------+-------
